AoeStats
← ZamSerg

Nomad

506044643Analyzed
4v4 RM · 21d ago on Sep 12, 2026· 30m 39s· 8 players
Game mode
Random Map
Map size
231×231
Population
200
Speed
Normal
Resources
Standard
Victory
Conquest
Starting age
Dark Age
Ending age
Imperial Age
RankedLock teamsTeams togetherTeam positionsShared explorationLock speedFull tech treeHidden civsTurbo modeCheats
Victory
Defeat
🇯🇵 Magyars · Japan
1279
+15
🇲🇽 Burgundians · Mexico
1250
+16
🇮🇳 Mongols · India
1215
+18
🇷🇺 Spanish · Russia
1198
+18
🇪🇸 Koreans · Spain
1357
-20
🇪🇨 Vietnamese · Ecuador
1313
-19
🇵🇪 Persians · Peru
1310
-19
🇲🇽 Georgians · Mexico
1040
-9
cupubangetz
5:41 Loom
14:41 Feudal Age
15:36 Double-Bit Axe
18:31 Fishing Lines
21:29 Castle Age
19:42 Bloodlines
20:34 Scale Barding Armor
22:27 Wheelbarrow
22:23 Bow Saw
22:19 Stone Mining
22:35 Husbandry
23:17 Gold Mining
25:13 Town Watch
26:29 Gold Shaft Mining
26:22 Horse Collar
28:51 Fletching
29:10 Treadmill Crane
33:15 Imperial Age
BlankZombie18
10:54 Wheelbarrow
11:53 Loom
13:54 Feudal Age
14:56 Loom
18:42 Castle Age
17:10 Double-Bit Axe
17:20 Gold Mining
18:45 Bow Saw
30:54 Burgundian Vineyards
manny
11:29 Loom
13:15 Feudal Age
16:43 Double-Bit Axe
17:01 Horse Collar
20:17 Castle Age
20:53 Forging
22:53 Fletching
26:35 Bodkin Arrow
ZamSerg
10:18 Loom
12:58 Feudal Age
13:34 Double-Bit Axe
16:10 Fishing Lines
18:20 Wheelbarrow
22:07 Castle Age
21:55 Fletching
23:07 Gillnets
24:31 Medium Warships
24:58 Town Watch
26:26 Hand Cart
26:34 Bow Saw
27:42 Stone Mining
27:43 Gold Mining
28:55 Bodkin Arrow
33:48 Imperial Age
RRORRO
8:51 Loom
16:38 Feudal Age
17:38 Double-Bit Axe
18:55 Wheelbarrow
21:59 Town Watch
26:16 Castle Age
24:46 Bloodlines
24:44 Scale Barding Armor
27:29 Husbandry
26:51 Light Cavalry
TREX KID BOO
3:40 Loom
14:23 Feudal Age
19:18 Castle Age
18:15 Double-Bit Axe
21:30 Fletching
21:35 Town Watch
22:04 Gold Mining
23:32 Bodkin Arrow
23:38 Padded Archer Armor
25:02 Ballistics
29:41 Wheelbarrow
30:55 Leather Archer Armor
El coco
4:23 Loom
15:24 Feudal Age
19:08 Castle Age
17:43 Fletching
18:54 Double-Bit Axe
19:46 Town Watch
19:44 Fishing Lines
T-REXX | PATRICK
12:03 Feudal Age
13:13 Loom
14:00 Double-Bit Axe
19:45 Castle Age
17:51 Fishing Lines
20:30 Gillnets
23:20 Gambesons
26:20 Bow Saw
Connection lost

Rejoining the realm…

Still unreachable

The connection could not be restored.

Session expired

The server has moved on; the page needs a fresh start.